[Event "Titled Tuesday Blitz November 07 Late 2023"]
[White "Tarnowska, Aleksandra"]
[Black "The_Straightforward_Rook"]
[WhiteFideId "1180967"]
[WhiteElo "2178"]
[BlackElo "2550"]
[Result "0-1"]
[Round "10"]
[TimeControl "180+1"]
[Date "2023.11.07"]
[WhiteClock "0:00:01"]
[BlackClock "0:00:33"]
[Board "73"]

1. e4 e5 2. Nf3 Nc6 3. Bb5 Nf6 4. O-O Nxe4 5. Re1 Nd6 6. Nxe5 Nxe5 7. Rxe5+ Be7 8. Ba4 O-O 9. d4 Nc4 10. Re1 d5 11. c3 Bf5 12. Nd2 Nd6 13. Bc2 c6 14. Bxf5 Nxf5 15. Nf3 Bd6 16. Bg5 f6 17. Bh4 Qd7 18. Bg3 a5 19. Qd3 Bxg3 20. hxg3 Nd6 21. Nd2 b5 22. Re2 a4 23. Rae1 Rae8 24. b3 a3 25. c4 Rxe2 26. Rxe2 Re8 27. cxd5 cxd5 28. Rxe8+ Qxe8 29. Kf1 Qc6 30. Ke2 Ne4 31. Qe3 Nc3+ 32. Kf1 Nxa2 33. Qe7 Nc3 34. Qd8+ Kf7 35. f4 Ne4 36. Nxe4 dxe4 37. Qb8 Qc1+ 38. Kf2 Qd2+ 39. Kf1 Qd1+ 40. Kf2 Qxd4+ 41. Kf1 Qa1+ 42. Kf2 Qb2+ 43. Kf1 Qc1+ 44. Kf2 Qc2+ 45. Kf1 e3 46. Qb7+ Kg6 47. g4 Qf2# 0-1


[Site "https://www.chess.com"]

[Event "Titled Tuesday Blitz November 07 Late 2023"]
[White "elmusmolamas"]
[Black "TheAlienParty"]
[WhiteElo "2465"]
[BlackElo "2343"]
[Result "1-0"]
[Round "10"]
[TimeControl "180+1"]
[Date "2023.11.07"]
[WhiteClock "0:00:05"]
[BlackClock "0:00:00"]
[Board "74"]

1. e4 e5 2. Nf3 Nc6 3. Bc4 Bc5 4. c3 Nf6 5. d4 exd4 6. e5 d5 7. Be2 Ne4 8. cxd4 Bb4+ 9. Nbd2 Bg4 10. O-O O-O 11. h3 Bh5 12. Nb3 f6 13. exf6 Qxf6 14. Be3 Bd6 15. Nc5 b6 16. Nxe4 dxe4 17. Nd2 Bg6 18. Bc4+ Kh8 19. Bd5 Nxd4 20. Bxa8 Rxa8 21. Nxe4 Bxe4 22. Qxd4 Qg6 23. f3 Bb7 24. Qg4 Qd3 25. Bd4 Rg8 26. Rad1 Qb5 27. b4 Bc8 28. Qe4 Bf5 29. Qe3 Qxb4 30. Rfe1 Qa5 31. Qh6 Qa4 32. Qg5 Bc2 33. Rd2 Bg6 34. Qg4 Qa5 35. Red1 Qf5 36. Ba1 Qxg4 37. hxg4 h6 38. Re2 Kh7 39. Rde1 Bc5+ 40. Kh2 Rd8 41. Be5 Rd7 42. Bg3 Bb4 43. Rc1 c5 44. Re6 Bf7 45. Rc6 Bd5 46. Rc8 c4 47. Rd1 b5 48. Be1 Bxe1 49. Rxe1 Bf7 50. Re5 b4 51. Rb5 c3 52. Rxb4 Bxa2 53. Rxc3 Bf7 54. Ra3 a6 55. Rf4 1-0


[Site "https://www.chess.com"]

[Event "Titled Tuesday Blitz November 07 Late 2023"]
[White "Pace, Christopher"]
[Black "Martins, Vinicius Tine"]
[WhiteFideId "2610167"]
[BlackFideId "2112884"]
[WhiteElo "2414"]
[BlackElo "2389"]
[Result "0-1"]
[Round "10"]
[TimeControl "180+1"]
[Date "2023.11.07"]
[WhiteClock "0:00:00"]
[BlackClock "0:00:13"]
[Board "75"]

1. e4 d6 2. d4 Nf6 3. Nc3 g6 4. Be3 Bg7 5. Qd2 O-O 6. f3 e5 7. Nge2 Nc6 8. O-O-O exd4 9. Nxd4 Nxd4 10. Bxd4 Be6 11. g4 c6 12. h4 Qa5 13. h5 Bxa2 14. h6 Bh8 15. g5 Be6 16. Kb1 Nh5 17. Rxh5 gxh5 18. Nd5 Qd8 19. Bf6 Bxf6 20. Nxf6+ Kh8 21. Qc3 b5 22. Rxd6 b4 23. Qe5 Qe7 24. b3 Rfd8 25. Nd5+ f6 26. Rxe6 fxe5 27. Rxe7 cxd5 28. exd5 Rxd5 29. Bd3 Rxd3 30. cxd3 Rf8 31. Kc2 Kg8 32. Rg7+ Kh8 33. Rxa7 Kg8 34. Rg7+ Kh8 35. Re7 Kg8 36. Rb7 Rxf3 37. Rxb4 Kf7 38. Rb7+ Kg6 39. Rg7+ Kf5 40. Rxh7 Kxg5 41. b4 Rf4 42. Kc3 h4 43. Rg7+ Kxh6 44. Rg1 Kh5 45. b5 h3 46. b6 Rf6 0-1


[Site "https://www.chess.com"]

[Event "Titled Tuesday Blitz November 07 Late 2023"]
[White "Maect19"]
[Black "Herman, Daniel"]
[BlackFideId "30935008"]
[WhiteElo "2338"]
[BlackElo "2410"]
[Result "0-1"]
[Round "10"]
[TimeControl "180+1"]
[Date "2023.11.07"]
[WhiteClock "0:00:04"]
[BlackClock "0:00:15"]
[Board "76"]

1. d4 Nf6 2. Nf3 e6 3. e3 b6 4. Bd3 Bb7 5. Nbd2 c5 6. b3 Be7 7. Bb2 O-O 8. O-O Nc6 9. a3 d6 10. c4 cxd4 11. Nxd4 Qd7 12. Rc1 Rfd8 13. Bb1 d5 14. cxd5 Qxd5 15. N2f3 Nxd4 16. Bxd4 Bxa3 17. Bxf6 Qxd1 18. Rcxd1 gxf6 19. Nd4 Ba6 20. Nc6 Bxf1 21. Nxd8 Be2 22. Rd2 Rc8 23. Bc2 Ba6 24. h3 Bb4 25. Rd4 Rxc2 26. Rxb4 Rc8 27. Ra4 Rxd8 28. Rxa6 Rd7 29. f3 Rd3 30. Kf2 Rxb3 31. Rxa7 f5 32. Rb7 Kg7 33. Kg3 Kf6 34. Kf2 Rb2+ 35. Kg3 b5 36. Rb6 h5 37. Rb7 b4 38. h4 b3 39. Rb8 Rb1 40. Rb7 e5 41. Rb6+ Kg7 42. Rb5 f6 43. Rb7+ Kg6 44. Rb8 b2 45. Rb7 Re1 46. Rxb2 Rxe3 47. Rb8 f4+ 48. Kh3 Ra3 49. Kh2 Ra1 50. Rb7 Re1 51. Rb8 Re2 52. Rb7 e4 53. fxe4 f3 54. Kg3 fxg2 55. Kh2 Rxe4 56. Kxg2 Rxh4 57. Kg3 Ra4 58. Rb5 f5 59. Rb8 h4+ 60. Kh3 Kg5 61. Rg8+ Kf4 62. Kxh4 Ra1 63. Kh3 Kf3 64. Kh2 f4 65. Rb8 Ra2+ 66. Kh3 Kf2 67. Kh2 f3 68. Kh1 Ra1+ 69. Kh2 Kf1 70. Rb2 f2 71. Rc2 Ra8 72. Rc1+ Ke2 73. Rc2+ Ke3 74. Rc3+ Kd2 75. Rf3 Ke2 76. Rf7 f1=Q 77. Re7+ Kd3 78. Rd7+ Kc4 79. Rc7+ Kb5 80. Rb7+ Kc6 0-1


[Site "https://www.chess.com"]

[Event "Titled Tuesday Blitz November 07 Late 2023"]
[White "Marchesich, Giovanni"]
[Black "Shapiro, Daniel"]
[WhiteFideId "2824790"]
[BlackFideId "2001780"]
[WhiteElo "2409"]
[BlackElo "2335"]
[Result "1/2-1/2"]
[Round "10"]
[TimeControl "180+1"]
[Date "2023.11.07"]
[WhiteClock "0:00:54"]
[BlackClock "0:00:07"]
[Board "77"]

1. Nf3 Nf6 2. c4 e6 3. b3 d5 4. Bb2 Be7 5. e3 O-O 6. Nc3 b6 7. Rc1 Bb7 8. Be2 c5 9. cxd5 Nxd5 10. d4 Nxc3 11. Bxc3 cxd4 12. Qxd4 Qxd4 13. Bxd4 Nc6 14. Bb2 Bb4+ 15. Bc3 Rac8 16. O-O Bxc3 17. Rxc3 Nb4 18. Rxc8 Rxc8 19. a3 Nd5 20. Nd4 Rc3 21. Bc4 a6 22. a4 Kf8 23. Rd1 Ke7 24. Kf1 Nc7 25. g3 b5 26. axb5 axb5 27. Nxb5 Nxb5 28. Bxb5 Bd5 29. Bc4 Bxc4+ 30. bxc4 Rxc4 31. h4 h5 32. Kg2 g6 33. Ra1 Rc7 34. Ra5 Rb7 35. e4 Rc7 36. Kf3 Kf6 37. Kf4 Rc2 38. f3 Rc3 39. g4 hxg4 40. Kxg4 Rc1 41. h5 gxh5+ 42. Rxh5 Rg1+ 43. Kf4 Kg6 44. Ra5 Kf6 45. Ra6 Kg6 46. Ke5 Rg5+ 47. Kd4 Rg3 48. f4 Rg4 49. Ke5 Rg1 50. f5+ Kg7 51. fxe6 fxe6 52. Ra7+ Kf8 53. Kxe6 Rg6+ 54. Kf5 Rb6 55. e5 Ke8 56. Rg7 Rc6 57. Rg8+ Ke7 58. Rg7+ Ke8 59. Rg3 Ke7 60. Ke4 Ra6 61. Kd5 Ra5+ 62. Ke4 Ra6 63. Kf5 Rb6 64. Rg7+ Ke8 65. Rc7 Kd8 66. Ra7 Ke8 67. Ke4 Rh6 68. Kd5 Rg6 69. Rc7 Rh6 70. Rc4 Rg6 71. Rh4 Ra6 72. e6 Ra1 73. Ke5 Re1+ 74. Kf6 Rf1+ 75. Ke5 Re1+ 76. Re4 Rxe4+ 77. Kxe4 Ke7 78. Ke3 Kxe6 1/2-1/2


[Site "https://www.chess.com"]

[Event "Titled Tuesday Blitz November 07 Late 2023"]
[White "Quirke, Jeffrey"]
[Black "Fernandez Bustamante, Leancy B."]
[WhiteFideId "2013029"]
[BlackFideId "3523870"]
[WhiteElo "2265"]
[BlackElo "2339"]
[Result "0-1"]
[Round "10"]
[TimeControl "180+1"]
[Date "2023.11.07"]
[WhiteClock "0:00:02"]
[BlackClock "0:00:27"]
[Board "78"]

1. e4 c5 2. c3 d5 3. exd5 Qxd5 4. d4 Nf6 5. Nf3 Bg4 6. Be2 cxd4 7. cxd4 e6 8. Nc3 Bb4 9. O-O Qd6 10. Be3 O-O 11. h3 Bh5 12. Qb3 Nc6 13. Rfd1 Bxc3 14. bxc3 b6 15. c4 Na5 16. Qb5 a6 17. Qa4 Qc7 18. Rac1 Rac8 19. d5 exd5 20. cxd5 Qb7 21. Rxc8 Rxc8 22. d6 Nc6 23. Qxa6 Qd7 24. Qxb6 Bxf3 25. Bxf3 Ne5 26. Be2 h6 27. Bb5 Qf5 28. a4 Qh5 29. Qd4 Nfd7 30. a5 Nf3+ 31. gxf3 Qxb5 32. Ra1 Rc6 33. Kg2 Ra6 34. Qd2 Qe5 35. Bf4 Qxa1 36. Qd3 Qxa5 0-1


[Site "https://www.chess.com"]

[Event "Titled Tuesday Blitz November 07 Late 2023"]
[White "Bueno, Alfeu Junior Varela"]
[Black "GatoRojo150"]
[WhiteFideId "2108879"]
[WhiteElo "2322"]
[BlackElo "2570"]
[Result "0-1"]
[Round "10"]
[TimeControl "180+1"]
[Date "2023.11.07"]
[WhiteClock "0:00:01"]
[BlackClock "0:01:06"]
[Board "79"]

1. e4 e5 2. Nc3 Nf6 3. f4 d5 4. fxe5 Nxe4 5. Qf3 Nc6 6. Bb5 Nxc3 7. dxc3 Qh4+ 8. g3 Qe4+ 9. Qxe4 dxe4 10. Bxc6+ bxc6 11. Be3 h5 12. h3 a5 13. O-O-O a4 14. Ne2 Ra5 15. Bf4 Be7 16. Nd4 Bd7 17. e6 fxe6 18. Bxc7 Rd5 19. c4 Rg5 20. Bf4 Ra5 21. Bc7 Rg5 22. Bf4 e5 23. Bxg5 Bxg5+ 24. Kb1 exd4 25. Rxd4 e3 26. c5 Bf5 27. Rf1 O-O 28. Re1 Bxh3 29. Rxa4 0-1


[Site "https://www.chess.com"]

[Event "Titled Tuesday Blitz November 07 Late 2023"]
[White "Haitin, Ilja"]
[Black "Nita, Lucian"]
[WhiteFideId "4501764"]
[BlackFideId "1206923"]
[WhiteElo "2395"]
[BlackElo "2307"]
[Result "1/2-1/2"]
[Round "10"]
[TimeControl "180+1"]
[Date "2023.11.07"]
[WhiteClock "0:00:14"]
[BlackClock "0:00:51"]
[Board "80"]

1. Nf3 d6 2. d4 Nd7 3. b3 e5 4. dxe5 Nxe5 5. Nxe5 dxe5 6. Qxd8+ Kxd8 7. Bb2 f6 8. Nc3 Be6 9. O-O-O+ Ke8 10. g3 c6 11. Bg2 Rd8 12. f4 exf4 13. gxf4 Bc5 14. Kb1 Be3 15. Rxd8+ Kxd8 16. Rf1 Ne7 17. Nd1 Bc5 18. e4 Kc7 19. Nf2 Rd8 20. Nd3 Bb6 21. f5 Bf7 22. e5 fxe5 23. Bxe5+ Kc8 24. Bxg7 Rg8 25. f6 Nd5 26. Ne5 Be6 27. f7 Bxf7 28. Rxf7 Bd4 29. Nxc6 bxc6 30. Bxd5 Rxg7 31. Rxg7 Bxg7 32. Bxc6 Kc7 33. Be4 h6 34. c4 Be5 35. h3 a5 36. a3 Bd6 37. Kb2 Kb6 38. Bg6 Be7 39. Be8 Bf8 40. Bd7 Kc5 41. Kc3 Bg7+ 42. Kd3 Bb2 43. a4 Kb4 44. Kc2 Bf6 45. Bg4 Bg5 46. Bd1 Be7 47. Kd3 Kc5 48. Ke4 Bg5 49. Kf5 Bd2 50. h4 Kd4 51. Ke6 Kc5 52. h5 Bc1 53. Bf3 Bd2 54. Bd5 Bc1 55. Kd7 Bd2 56. Kc7 Bc3 57. Kb7 Bd2 58. Ka6 Bc3 59. Bg8 Bd2 60. Kb7 Be3 61. Kc7 Bd2 62. Kd7 Bc1 63. Ke6 Bd2 64. Ke5 Bc3+ 65. Ke4 Bd2 66. Bf7 Bb4 67. Be8 Ba3 68. Kf5 Bc1 69. Bd7 Bd2 70. Kg6 Bc1 71. Be8 Kb4 72. Bf7 Kc5 73. Kf5 Bd2 74. Ke4 Bc1 75. Bg8 Bg5 76. Kd3 Bc1 77. Kc3 Bg5 78. b4+ axb4+ 79. Kb3 Bd8 80. Bf7 Ba5 81. Be8 Bb6 82. Bb5 Ba5 83. Kb2 Bc7 84. Kc2 Ba5 85. Kd3 b3 86. Be8 Kb4 87. c5 Kxc5 88. Bf7 Kb4 89. Ke4 Kxa4 90. Kf5 b2 91. Ba2 Bd2 92. Kg4 Ka3 93. Bb1 Kb4 94. Kh3 Kc3 95. Kg2 Kd4 96. Kh1 Ke3 97. Ba2 Kf3 98. Bb1 Kg4 99. Ba2 Kxh5 100. Bb1 Kg5 101. Bh7 h5 102. Bb1 h4 103. Bc2 Kf4 104. Bb1 Kg3 105. Bc2 Kf2 106. Bb1 Ke1 107. Bc2 Be3 108. Bf5 Bf2 109. Bg6 Bg3 110. Bh7 Kd2 111. Bb1 Kc1 112. Be4 Be1 113. Bf5 Kd2 114. Bg6 Kc3 115. Bf5 Kd4 116. Bg6 Bd2 117. Bb1 Bg5 118. Bc2 Ke3 119. Bb1 Kd2 120. Bf5 Kc1 121. Bg6 b1=Q 122. Bxb1 Kxb1 123. Kg2 Kc2 124. Kh1 Kd2 125. Kg1 Ke3 126. Kh1 Kf3 127. Kg1 Kg3 128. Kh1 Kh3 129. Kg1 Kg3 130. Kh1 Be3 1/2-1/2


[Site "https://www.chess.com"]

[Event "Titled Tuesday Blitz November 07 Late 2023"]
[White "Chemin, Justo Reinaldo"]
[Black "PapaieDudu"]
[WhiteFideId "2101580"]
[WhiteElo "2208"]
[BlackElo "2367"]
[Result "1-0"]
[Round "10"]
[TimeControl "180+1"]
[Date "2023.11.07"]
[WhiteClock "0:00:19"]
[BlackClock "0:00:00"]
[Board "82"]

1. d4 d5 2. c4 e6 3. Nc3 Nf6 4. Bg5 dxc4 5. e4 a6 6. Bxc4 b5 7. Bb3 Bb7 8. d5 exd5 9. Nxd5 Nbd7 10. f3 h6 11. Nxf6+ Nxf6 12. Qxd8+ Rxd8 13. Bxf6 gxf6 14. Ne2 Rg8 15. g3 Bb4+ 16. Nc3 Bxc3+ 17. bxc3 Rd3 18. Ke2 Rxc3 19. Rac1 Rxc1 20. Rxc1 c6 21. Ke3 Ke7 22. Kd4 Rd8+ 23. Kc5 Rd2 24. Kb6 Rd7 25. Rc5 Bc8 26. Rh5 f5 27. exf5 Rd3 28. f4 Bd7 29. g4 a5 30. Rxh6 a4 31. Bxf7 Kxf7 32. Rh7+ Ke8 33. f6 Rf3 34. g5 Rxf4 35. h4 b4 36. Re7+ Kd8 37. h5 b3 38. axb3 axb3 39. Re2 Bg4 40. Rd2+ Ke8 41. h6 1-0


[Site "https://www.chess.com"]

[Event "Titled Tuesday Blitz November 07 Late 2023"]
[White "Tokat, Nehir"]
[Black "Becerra, Juan David"]
[WhiteFideId "34557555"]
[BlackFideId "4404998"]
[WhiteElo "2203"]
[BlackElo "2358"]
[Result "1-0"]
[Round "10"]
[TimeControl "180+1"]
[Date "2023.11.07"]
[WhiteClock "0:02:24"]
[BlackClock "0:01:34"]
[Board "83"]

1. d4 e6 2. c4 Nf6 3. Nf3 c5 4. d5 exd5 5. cxd5 d6 6. Nc3 a6 7. a4 g6 8. Bf4 Bg7 9. h3 O-O 10. e3 Re8 11. Be2 b6 12. Nd2 Bb7 13. Nc4 Bf8 14. O-O Qd7 15. Nxb6 1-0


[Site "https://www.chess.com"]

[Event "Titled Tuesday Blitz November 07 Late 2023"]
[White "Vila Dupla, Aurelio"]
[Black "Skaric, Djuro"]
[WhiteFideId "2203383"]
[BlackFideId "934569"]
[WhiteElo "2186"]
[BlackElo "2353"]
[Result "1-0"]
[Round "10"]
[TimeControl "180+1"]
[Date "2023.11.07"]
[WhiteClock "0:00:02"]
[BlackClock "0:00:08"]
[Board "84"]

1. Nf3 d6 2. d4 g6 3. g3 Bg7 4. Bg2 Nf6 5. O-O O-O 6. c4 Nc6 7. Nc3 h6 8. h3 e5 9. dxe5 dxe5 10. Be3 Be6 11. b3 Nd7 12. Rc1 f5 13. Nd5 g5 14. Ne1 f4 15. Bd2 Nd4 16. e3 fxe3 17. Bxe3 c6 18. Nc3 Nf6 19. Nc2 c5 20. f4 exf4 21. gxf4 Nxc2 22. Qxc2 gxf4 23. Rxf4 Nh5 24. Rxf8+ Qxf8 25. Rf1 Qe8 26. Nd5 Rc8 27. Qe4 Bf7 28. Qg4 Kh8 29. Rxf7 Rd8 30. Qxh5 Rxd5 31. Qxd5 Qxe3+ 32. Kh1 Qe1+ 33. Rf1 Qe7 34. Qxb7 Qe8 35. Qe4 Qd8 36. Qg6 Qe7 37. Be4 Bd4 38. Rf7 Qxf7 39. Qxf7 Bg7 40. Qe8+ 1-0


[Site "https://www.chess.com"]

[Event "Titled Tuesday Blitz November 07 Late 2023"]
[White "Harriott, Tyrell"]
[Black "Kniazev, Igor"]
[WhiteFideId "2086484"]
[BlackFideId "4136349"]
[WhiteElo "2345"]
[BlackElo "2195"]
[Result "1-0"]
[Round "10"]
[TimeControl "180+1"]
[Date "2023.11.07"]
[WhiteClock "0:01:37"]
[BlackClock "0:00:43"]
[Board "85"]

1. d4 Nf6 2. e3 c5 3. c3 d5 4. Bd3 c4 5. Bc2 Nc6 6. f4 Bg4 7. Ne2 Ne4 8. Nd2 f5 9. O-O e6 10. Nf3 Qf6 11. Qe1 Be7 12. b3 b5 13. a4 bxa4 14. bxc4 dxc4 15. Bxa4 Rc8 16. Ne5 Bxe2 17. Qxe2 Nxc3 18. Qxc4 Nxa4 19. Qxa4 O-O 20. Nxc6 Bd6 21. Ba3 e5 22. dxe5 Bxe5 23. Ne7+ Kh8 24. fxe5 Qxe5 25. Nxc8 Qxe3+ 26. Kh1 Rxc8 27. Bb2 Rc7 28. Rae1 1-0


[Site "https://www.chess.com"]

[Event "Titled Tuesday Blitz November 07 Late 2023"]
[White "VitaliyChayka"]
[Black "Ardila, Oscar Humberto"]
[BlackFideId "4404742"]
[WhiteElo "2147"]
[BlackElo "2314"]
[Result "1-0"]
[Round "10"]
[TimeControl "180+1"]
[Date "2023.11.07"]
[WhiteClock "0:00:16"]
[BlackClock "0:00:15"]
[Board "86"]

1. d4 Nf6 2. Bf4 g6 3. e3 Bg7 4. h3 O-O 5. Nf3 d6 6. Be2 Nbd7 7. O-O Re8 8. Bh2 b6 9. a4 a5 10. c3 Bb7 11. Na3 Ne4 12. Nb5 Ndf6 13. Qc2 Qd7 14. Rfd1 c6 15. Na3 h6 16. Qb3 Reb8 17. Bc4 d5 18. Be2 Nd6 19. Ne5 Qd8 20. Bd3 Nfe4 21. f3 Nf6 22. Qc2 Qe8 23. g4 Nd7 24. Re1 Nxe5 25. dxe5 Nc8 26. e6 Nd6 27. exf7+ Qxf7 28. Rf1 g5 29. Qd2 Rf8 30. Nc2 Ba6 31. Nd4 Bxd4 32. cxd4 Bxd3 33. Qxd3 Nc4 34. b3 Nd6 35. Rac1 Rfc8 36. Rc2 Ne8 37. Kg2 Qe6 38. Be5 c5 39. dxc5 Rxc5 40. Rxc5 bxc5 41. Rd1 Rd8 42. Bb2 Nf6 43. Qg6+ Kf8 44. Qxh6+ Ke8 45. Qg6+ Kf8 46. Qxg5 d4 47. e4 Qxb3 48. Rd2 Rb8 49. Qe5 Qb4 50. Rf2 d3 51. g5 d2 52. gxf6 d1=Q 53. Qxe7+ Kg8 54. Qg7# 1-0


[Site "https://www.chess.com"]

[Event "Titled Tuesday Blitz November 07 Late 2023"]
[White "Freeeeeeeeeeeeeeeeee"]
[Black "Romero Ruscalleda, Josep"]
[BlackFideId "2231859"]
[WhiteElo "2050"]
[BlackElo "2311"]
[Result "0-1"]
[Round "10"]
[TimeControl "180+1"]
[Date "2023.11.07"]
[WhiteClock "0:01:30"]
[BlackClock "0:01:04"]
[Board "87"]

1. Nf3 g6 2. b3 Bg7 3. Nc3 d5 4. Bb2 d4 5. Ne4 e5 6. e3 f5 7. Ng3 Nc6 8. Bb5 Bd7 9. exd4 Nxd4 10. Nxd4 exd4 11. Bxd7+ Qxd7 12. O-O Ne7 13. Qf3 O-O-O 14. Rfe1 Nc6 15. Ne2 Ne5 16. Qh3 d3 17. Nf4 Rhe8 18. Nxd3 Nxd3 19. Rxe8 Rxe8 20. Bxg7 Qxg7 21. Rf1 Nf4 22. Qf3 Qe5 23. c3 Qe4 24. Qg3 Ne2+ 0-1


[Site "https://www.chess.com"]

[Event "Titled Tuesday Blitz November 07 Late 2023"]
[White "Gerbelli Neto, Eduardo"]
[Black "Petersson, Kjell"]
[WhiteFideId "2103281"]
[BlackFideId "1705148"]
[WhiteElo "2366"]
[BlackElo "2139"]
[Result "1-0"]
[Round "10"]
[TimeControl "180+1"]
[Date "2023.11.07"]
[WhiteClock "0:00:50"]
[BlackClock "0:00:00"]
[Board "88"]

1. e4 c5 2. Nc3 g6 3. f4 Bg7 4. Nf3 Nc6 5. Bc4 e6 6. f5 gxf5 7. d3 Nge7 8. O-O Nd4 9. Nxd4 Bxd4+ 10. Kh1 b6 11. Nb5 d5 12. exd5 Nxd5 13. Bxd5 exd5 14. Bf4 O-O 15. Nxd4 cxd4 16. Be5 f6 17. Bxd4 Qe8 18. Qf3 Qf7 19. Rae1 Be6 20. Qg3+ Kh8 21. Qh4 Rae8 22. Re3 Re7 23. Rfe1 f4 24. Qxf4 Kg8 25. Rg3+ Kh8 26. Rf1 1-0


[Site "https://www.chess.com"]

[Event "Titled Tuesday Blitz November 07 Late 2023"]
[White "Melikhov, Evgeny V."]
[Black "Ismayilova, Khanim"]
[WhiteFideId "4122046"]
[BlackFideId "13429019"]
[WhiteElo "2362"]
[BlackElo "2163"]
[Result "1-0"]
[Round "10"]
[TimeControl "180+1"]
[Date "2023.11.07"]
[WhiteClock "0:00:03"]
[BlackClock "0:00:07"]
[Board "89"]

1. d4 d5 2. c4 e6 3. Nc3 Nf6 4. cxd5 exd5 5. Bg5 Be7 6. e3 O-O 7. Bd3 c6 8. Qc2 Nbd7 9. Nf3 Re8 10. O-O Nf8 11. h3 Be6 12. Ne5 Ne4 13. Bxe7 Qxe7 14. f4 Nxc3 15. bxc3 f6 16. Nf3 Bxh3 17. gxh3 Qxe3+ 18. Kh1 Qxf4 19. Nh2 Qg3 20. Rf3 Re1+ 21. Rxe1 Qxe1+ 22. Rf1 Qg3 23. Bf5 Re8 24. Rg1 Qf4 25. Rf1 Qg3 26. Rg1 Qf4 27. Qg2 Re7 28. Qf3 Qd2 29. Ng4 Kh8 30. Rg2 Re1+ 31. Kh2 Qc1 32. Nf2 Re3 33. Qg4 Re7 34. Nd3 Qxc3 35. Nf4 Qe3 36. Qh4 Qe1 37. Qxe1 Rxe1 38. Rb2 b6 39. Rc2 c5 40. dxc5 Rf1 41. Kg3 bxc5 42. Rxc5 d4 43. Rc8 g6 44. Rxf8+ Kg7 45. Ne6+ Kh6 46. Bd3 Rd1 47. Bc4 d3 48. Rd8 d2 49. Kf2 Rh1 50. Rxd2 Rh2+ 51. Ke1 Rh1+ 52. Ke2 Rxh3 53. Bd3 Rh2+ 54. Ke3 Rh1 55. Nf4 Re1+ 56. Be2 g5 57. Rd6 gxf4+ 58. Kf2 Ra1 59. Rxf6+ Kg5 60. Rf7 Rxa2 61. Rxh7 Kg6 62. Rh4 Kg5 63. Rh5+ Kg6 64. Rc5 Ra3 65. Bf3 a5 66. Rc6+ Kg5 67. Rc5+ Kh4 68. Rh5# 1-0


[Site "https://www.chess.com"]

[Event "Titled Tuesday Blitz November 07 Late 2023"]
[White "katharinareinecke"]
[Black "KorolDimitriy75"]
[WhiteElo "1954"]
[BlackElo "2321"]
[Result "0-1"]
[Round "10"]
[TimeControl "180+1"]
[Date "2023.11.07"]
[WhiteClock "0:00:00"]
[BlackClock "0:00:13"]
[Board "90"]

1. d4 Nf6 2. c4 c5 3. Nf3 cxd4 4. Nxd4 g6 5. g3 Bg7 6. Bg2 O-O 7. O-O Nc6 8. e3 a6 9. a3 Qc7 10. b4 Nxd4 11. exd4 Qxc4 12. Bb2 d5 13. Nd2 Qc7 14. Nb3 Bf5 15. Rc1 Qd6 16. Nc5 Rfb8 17. Re1 b6 18. Nd3 Bxd3 19. Qxd3 e6 20. Rc2 Nd7 21. Rec1 b5 22. Rc6 Qf8 23. Rc7 Nb6 24. Bf1 Nc4 25. Qc2 Qd8 26. Rc6 Qd7 27. Rc5 Bf8 28. Bxc4 dxc4 29. Re5 Bg7 30. Re4 Rd8 31. Rd1 Qd5 32. Qe2 e5 33. Bc3 f5 34. Rh4 Bf6 35. Rh6 exd4 36. Bd2 d3 37. Bf4 dxe2 38. Rxd5 e1=Q+ 39. Kg2 Qe4+ 40. f3 Qxd5 0-1


[Site "https://www.chess.com"]

[Event "Titled Tuesday Blitz November 07 Late 2023"]
[White "De Souza, Cristiano Gomes"]
[Black "Elbebiber"]
[WhiteFideId "2151758"]
[WhiteElo "2253"]
[BlackElo "2111"]
[Result "1/2-1/2"]
[Round "10"]
[TimeControl "180+1"]
[Date "2023.11.07"]
[WhiteClock "0:00:31"]
[BlackClock "0:00:08"]
[Board "91"]

1. d4 e6 2. c4 Nf6 3. Nf3 Bb4+ 4. Bd2 Qe7 5. a3 Bxd2+ 6. Qxd2 d6 7. Nc3 b6 8. e3 Bb7 9. Be2 Nbd7 10. O-O Ne4 11. Nxe4 Bxe4 12. b4 O-O 13. a4 a5 14. b5 e5 15. dxe5 Nxe5 16. Nxe5 Qxe5 17. Qd4 Rfe8 18. Rfe1 Re7 19. Rad1 Rae8 20. Qxe5 Rxe5 21. Rd4 Bc2 22. Bd1 Bf5 23. g4 Bc8 24. Bf3 h6 25. Kg2 Kf8 26. Bc6 R8e7 27. h3 f5 28. Kf3 fxg4+ 29. hxg4 Rf7+ 30. Rf4 Ke7 31. Rxf7+ Kxf7 32. Bd5+ Kf6 33. Kg3 g5 34. Rd1 Bd7 35. Rd3 Be8 36. f4 gxf4+ 37. exf4 Re1 38. Kf2 Re7 39. Re3 Bg6 40. Rxe7 Kxe7 41. Ke3 Bc2 42. Be4 Bxa4 43. g5 hxg5 44. fxg5 Bb3 45. Kd4 a4 46. Kc3 Bd1 47. Kb4 Ke6 48. Ka3 Ke5 49. Bd3 Bb3 50. Kb4 Ke6 51. Ka3 Kf7 52. Kb4 Ke6 53. Kc3 Kf7 54. Kb2 Kg7 55. Ka3 Kf7 56. Kb4 Kg7 57. Kc3 Kf7 58. Bf5 Kg7 59. Bb1 Kf7 60. Bh7 Kg7 61. Bd3 Kf7 1/2-1/2


[Site "https://www.chess.com"]

[Event "Titled Tuesday Blitz November 07 Late 2023"]
[White "Powell, Paul"]
[Black "Desideri, Ricardo Maruchi"]
[WhiteFideId "2005840"]
[BlackFideId "2110440"]
[WhiteElo "2078"]
[BlackElo "2006"]
[Result "1-0"]
[Round "10"]
[TimeControl "180+1"]
[Date "2023.11.07"]
[WhiteClock "0:00:24"]
[BlackClock "0:00:00"]
[Board "93"]

1. d4 Nf6 2. Nf3 g6 3. Bf4 Bg7 4. e3 d6 5. Be2 Nc6 6. O-O O-O 7. c4 Nd7 8. Bg3 e5 9. Nc3 a6 10. Rc1 h6 11. a3 f5 12. h3 f4 13. Bh2 g5 14. dxe5 dxe5 15. exf4 exf4 16. Bd3 Nde5 17. Nxe5 Nxe5 18. Be4 Qf6 19. Nd5 Qf7 20. c5 Be6 21. Nc3 Rad8 22. Qc2 Rd4 23. b4 Rfd8 24. Qb1 Nc4 25. Bg6 Qd7 26. Ne4 Bd5 27. Nc3 Bc6 28. Qf5 Qxf5 29. Bxf5 Nd2 30. Rfe1 f3 31. Bxc7 Rf8 32. Be6+ Kh8 33. g3 h5 34. Bd6 Re8 35. Bf7 1-0


[Site "https://www.chess.com"]

[Event "Titled Tuesday Blitz November 07 Late 2023"]
[White "Mirza, Diana"]
[Black "Ghosh, Chanchal Kumer"]
[WhiteFideId "2503999"]
[BlackFideId "10201858"]
[WhiteElo "1992"]
[BlackElo "2064"]
[Result "0-1"]
[Round "10"]
[TimeControl "180+1"]
[Date "2023.11.07"]
[WhiteClock "0:01:03"]
[BlackClock "0:00:15"]
[Board "94"]

1. e4 c5 2. Nf3 d6 3. d4 cxd4 4. Nxd4 Nf6 5. Nc3 a6 6. Be3 e5 7. Nf5 Bxf5 8. exf5 Be7 9. Qd2 d5 10. Bg5 d4 11. Bxf6 gxf6 12. Ne4 Nc6 13. Bc4 Qc7 14. Qh6 Nb4 15. Bb3 Nxc2+ 16. Bxc2 Qxc2 17. Nxf6+ Bxf6 18. Qxf6 Qe4+ 19. Kf1 Rg8 20. f3 Qd3+ 21. Kf2 Qd2+ 22. Kf1 Qxg2+ 23. Ke1 Qxh1+ 24. Kd2 Qxh2+ 25. Kd3 Rc8 26. Ke4 Qf4+ 27. Kd5 Qxf3+ 28. Kd6 Rc6+ 29. Kxe5 Qe3+ 30. Kd5 Rxf6 31. b4 Rxf5+ 32. Kc4 Qc3# 0-1


[Site "https://www.chess.com"]

[Event "Titled Tuesday Blitz November 07 Late 2023"]
[White "Burke, Paul"]
[Black "Smirnov, Timofey"]
[WhiteFideId "2605767"]
[BlackFideId "24176427"]
[WhiteElo "1888"]
[BlackElo "2089"]
[Result "0-1"]
[Round "10"]
[TimeControl "180+1"]
[Date "2023.11.07"]
[WhiteClock "0:00:00"]
[BlackClock "0:00:53"]
[Board "96"]

1. e4 e5 2. Nf3 Nf6 3. d4 Nxe4 4. dxe5 Bc5 5. Be3 Bxe3 6. fxe3 O-O 7. Bd3 Ng5 8. O-O b6 9. Nc3 Bb7 10. e4 Nc6 11. Qd2 Ne6 12. Nd5 Ncd4 13. c3 Nc6 14. Nf4 Ne7 15. Nd5 Ng6 16. c4 c5 17. Nc3 Ngf4 18. g3 Nxd3 19. Qxd3 Qe7 20. Rad1 Rad8 21. Nd5 Qe8 22. Qe3 Rc8 23. Ng5 Nxg5 24. Qxg5 Kh8 0-1


[Site "https://www.chess.com"]